AoeStats
← Simon Stokvis

Arena

508466472Analyzed
4v4 RM · 9d ago on Sep 22, 2026· 34m 8s· 8 players
Game mode
Random Map
Map size
Large (8 player)
Population
200
Speed
Normal
Resources
Standard
Victory
Conquest
Starting age
Dark Age
Ending age
Imperial Age
RankedLock teamsTeams togetherTeam positionsShared explorationLock speedFull tech treeHidden civsTurbo modeCheats
Victory
Defeat
🇨🇳 Georgians · China
1634
+13
🇧🇪 Persians · Belgium
1615
+14
🇵🇱 Mongols · Poland
1614
+14
🇳🇱 Khmer · Netherlands
1568
+16
🇭🇰 Ethiopians · Hong Kong SAR China
1817
-24
🇧🇷 Khmer · Brazil
1513
-12
1501
-12
🇭🇰 Cumans · Hong Kong SAR China
1434
-9
JINX
3:46 Loom
10:53 Feudal Age
14:45 Castle Age
12:32 Double-Bit Axe
13:03 Horse Collar
15:25 Bow Saw
18:26 Loom
18:36 Loom
20:04 Wheelbarrow
21:55 Stone Mining
22:49 Gold Mining
24:33 Hand Cart
25:50 Gold Shaft Mining
29:05 Imperial Age
26:44 Scale Barding Armor
26:37 Town Watch
27:13 Heavy Plow
27:44 Devotion
28:26 Chain Barding Armor
28:33 Forging
28:37 Bloodlines
28:58 Husbandry
29:22 Forging
30:12 Plate Barding Armor
30:04 Conscription
30:21 Elite War Elephant
32:25 Iron Casting
33:45 Masonry
34:42 Blast Furnace
Simon Stokvis
10:19 Feudal Age
13:14 Castle Age
21:21 Double-Bit Axe
23:27 Loom
25:38 Town Watch
26:28 Wheelbarrow
26:23 Bow Saw
32:28 Imperial Age
30:05 Gold Mining
32:56 Ballistics
33:13 Double Crossbow
32:48 Heavy Scorpion
35:17 Chemistry
33:44 Capped Ram
34:38 Siege Engineers
ForeveR
10:15 Feudal Age
14:09 Castle Age
12:03 Double-Bit Axe
12:06 Horse Collar
16:17 Heavy Plow
19:55 Loom
23:28 Wheelbarrow
29:39 Imperial Age
27:10 Fletching
27:44 Murder Holes
28:10 Ballistics
28:09 Bodkin Arrow
28:15 Padded Archer Armor
28:49 Hand Cart
30:33 Bracer
30:48 Leather Archer Armor
31:38 Chemistry
31:44 Gold Mining
32:31 Bloodlines
32:22 Husbandry
32:29 Thumb Ring
32:56 Parthian Tactics
33:50 Conscription
33:28 Elite Mangudai
tim.13
9:49 Feudal Age
14:09 Castle Age
12:12 Double-Bit Axe
12:19 Horse Collar
14:09 Wheelbarrow
15:55 Bow Saw
19:23 Fervor
21:06 Gold Mining
21:20 Stone Mining
23:13 Stone Shaft Mining
23:26 Fletching
23:57 Guard Tower
25:11 Loom
25:24 Bodkin Arrow
25:46 Fortified Wall
28:58 Imperial Age
27:12 Ballistics
28:38 Hand Cart
28:09 Town Watch
28:31 Scale Barding Armor
28:51 Svan Towers
29:46 Bracer
30:49 Chemistry
30:57 Chain Barding Armor
31:09 Conscription
32:10 Bloodlines
32:00 Husbandry
33:08 Plate Barding Armor
32:43 Forging
33:10 Arrowslits
34:01 Keep
GAX | This Game Isnt Fun
10:56 Feudal Age
11:54 Double-Bit Axe
14:45 Castle Age
12:59 Horse Collar
13:09 Loom
14:43 Fletching
BruToO
10:34 Feudal Age
13:17 Castle Age
11:16 Horse Collar
11:53 Double-Bit Axe
18:50 Gold Mining
19:41 Loom
22:33 Wheelbarrow
23:02 Town Watch
23:32 Hand Cart
27:44 Imperial Age
26:36 Scale Barding Armor
26:52 Forging
27:37 Chain Barding Armor
27:48 Tusk Swords
27:50 Elite Battle Elephant
29:24 Husbandry
29:34 Bloodlines
30:58 Forging
31:27 Plate Barding Armor
32:12 Forging
kenny yip
8:20 Feudal Age
8:59 Double-Bit Axe
9:10 Horse Collar
11:58 Loom
16:10 Wheelbarrow
17:30 Forging
19:41 Castle Age
18:24 Scale Barding Armor
19:09 Forging
18:53 Gold Mining
20:01 Bloodlines
20:42 Heavy Plow
20:54 Bow Saw
24:38 Hand Cart
28:22 Imperial Age
27:12 Gold Shaft Mining
27:26 Iron Casting
27:15 Loom
28:05 Chain Barding Armor
29:00 Cavalier
30:20 Plate Barding Armor
31:01 Paladin
32:30 Herbal Medicine
34:04 Blast Furnace
Hui
10:37 Feudal Age
14:31 Castle Age
12:17 Double-Bit Axe
12:13 Horse Collar
15:45 Bow Saw
15:36 Heavy Plow
23:17 Wheelbarrow
22:27 Town Watch
23:38 Loom
25:17 Fletching
29:04 Imperial Age
26:57 Bodkin Arrow
29:15 Forging
29:06 Scale Mail Armor
29:08 Capped Ram
30:15 Squires
30:51 Iron Casting
32:31 Chain Mail Armor
32:20 Halberdier
34:02 Blast Furnace
33:03 Padded Archer Armor
33:03 Bracer
34:39 Hand Cart
35:25 Two-Man Saw
34:18 Gold Mining
34:19 Stone Mining
Connection lost

Rejoining the realm…

Still unreachable

The connection could not be restored.

Session expired

The server has moved on; the page needs a fresh start.